 Dungeon Crawl Stone Soup version 0.31.0-11-ge490571c62 (webtiles) character file.

Game seed: 13198976479532295413

36 Sobieck the Ruffian (level 3, 0/18 HPs)
             Began as a Vine Stalker Shapeshifter on Jan 29, 2024.
             Killed by nerve-wracking pain
             ... invoked by an orc priest
              (2 damage)
             ... on level 3 of the Dungeon.
             The game lasted 00:01:20 (731 turns).

Sobieck the Ruffian (Vine Stalker Shapeshifter)      Turns: 731, Time: 00:01:21

Health: 0/18       AC:  2    Str: 18    XL:     3   Next: 37%
Magic:  0/4        EV: 12    Int: 10    God:
Gold:   74         SH:  0    Dex: 13    Spells: 2/2 levels left

rFire   . .          .
                       - Unarmed
rCold   . . .        (no shield)
rNeg    . . .        a - +0 animal skin
rPois   .            (helmet currently unavailable)
rElec   .            (cloak currently unavailable)
rCorr   .            (gloves currently unavailable)
SInv    .            (boots currently unavailable)
Will    .....        (no amulet)
Stlth   +            (no ring)
HPRegen 1.03/turn    (no ring)
MPRegen 0.09/turn

%: guardian spirit
@: beast-form
A: beast (slay +1), fangs 2, regeneration 1, magic shield, antimagic bite, no
potion heal 2
a: Begin Untransformation


You were on level 3 of the Dungeon.
You were a hulking beast.
You visited 1 branch of the dungeon, and saw 3 of its levels.

You collected 74 gold pieces.

Inventory:

Missiles
 j - 6 stones (quivered)
 k - 5 poisoned darts
 J - 6 atropa-tipped darts
Armour
 a - a +0 animal skin (worn)
 g - a +0 pair of gloves
Talismans
 c - a beast talisman
 d - a flux talisman
Scrolls
 e - a scroll of revelation {unknown}
Potions
 b - a potion of lignification
 f - a potion of brilliance {unknown}
 h - a potion of mutation {unknown}


   Skills:
 + Level 1.7 Fighting
 - Level 1.5 Dodging
 * Level 3.9 Unarmed Combat
 - Level 3.0 Shapeshifting


You had 2 spell levels left.
You didn't know any spells.
Your spell library was empty.

Dungeon Overview and Level Annotations

Branches:
Dungeon (3/15)

Altars:


Innate Abilities, Weirdness & Mutations

You are a hulking beast.
Your limbs bulge with bestial killing power. (Slay +1)
You have extremely sharp teeth.
Your natural rate of healing is unusually fast.
When hurt, damage is shared between your health and your magic reserves.
Your bite disrupts and absorbs the magic of your enemies.
Potions cannot restore your health.


Message History

The orc is heavily wounded.
The orc hits you with a +0 club.
You punch the orc!
You kill the orc!
The ball python bites you but does no damage.
The ball python completely misses you.
You barely miss the ball python. The ball python bites you.
The ball python misses you. The ball python bites you.
The ball python barely misses you.
You climb downwards.
There is a stone staircase leading up here.
Unknown command.
Unknown command.
You punch the ball python!
You kill the ball python!
No target in view!
No target in view!
Unknown command.
HP restored.
You climb upwards.
The orc priest mumbles some strange prayers to Beogh against you.
Pain shoots through your body!
* * * LOW HITPOINT WARNING * * *
There is a stone staircase leading down here.
Danger!
The orc priest hits you with a +0 flail!
* * * LOW HITPOINT WARNING * * *
You climb downwards.
There is a stone staircase leading up here.
Unknown command.
Unknown command.
You closely miss the orc priest.
The orc priest hits you with a +0 flail.
* * * LOW HITPOINT WARNING * * *
You hit the orc priest. You punch the orc priest. You bite the orc priest.
You drain its power.
You feel invigorated.
The orc priest is severely wounded.
The orc priest closely misses you.
Unknown command.
You hit the orc priest. You bite the orc priest. You drain its power.
You feel invigorated.
The orc priest is almost dead.
The orc priest hits you with a +0 flail.
* * * LOW HITPOINT WARNING * * *
Unknown command.
You hit the orc priest but do no damage.
The orc priest is almost dead.
The orc priest calls down the wrath of Beogh upon you.
Pain shoots through your body!
You die...

## .#
.# # .#
#.###.#
#..)h.#
##.#o##
# #.#
#.# #)#
#.# #.#
#.. ###


You could see an orc priest.

Vanquished Creatures
  An adder (D:2)
  A dart slug (D:2)
  3 orcs
  An endoplasm (D:1)
  A giant cockroach (D:1)
  2 goblins
  A hobgoblin (D:2)
  A kobold (D:1)
  2 quokkas (D:1)
  A ball python (D:3)
  4 bats
  A frilled lizard (D:1)
  4 rats
23 creatures vanquished.

Notes
Turn   | Place    | Note
-------+----------+-------------------------------------------
     0 | D:1      | Sobieck the Vine Stalker Shapeshifter began the quest for
                  | the Orb.
     0 | D:1      | Reached XP level 1. HP: 9/9 MP: 2/2
   210 | D:1      | Reached skill level 1 in Fighting
   451 | D:1      | Reached XP level 2. HP: 14/14 MP: 3/3
   676 | D:2      | Reached XP level 3. HP: 18/18 MP: 4/4
   731 | D:3      | Killed from afar by an orc priest

Illustrated notes

Levels and vault maps discovered:
D:1:      psy_arrival_wood_between_worlds, layout_basic
D:2:      layout_loops_ring, shapermc_ecumenical_altar_ellora, basic_altar,
          hangedman_decor_clover_reticule
D:3:      layout_loops_ring, minmay_misc_feat_encased, grunt_ministairs_11,
          minmay_ruptured

Skill      XL: |  1 |
---------------+----+-----
Fighting       | 1 |  1.7
Dodging        | |  1.5
Unarmed Combat | |  3.9
Shapeshifting  | |  3.0

Action                     || total
---------------------------++-------
  Melee: Unarmed           ||    53
         Bite              ||     9
         Punch             ||     1
  Throw: Stone             ||     2
   Stab: Sleeping          ||     1
 Armour: Animal skin       ||    36
  Dodge: Dodged            ||    28
